[Event "Team 45 45 League T57"]
[Site "Internet Chess Club"]
[Date "2013.06.09"]
[Round "3"]
[White "Muravey"]
[Black "BigH"]
[Result "1/2-1/2"]
[WhiteElo "2022"]
[BlackElo "2041"]
[Opening "Caro-Kann: Panov-Botvinnik attack"]
[ECO "B13"]
[Time "14:20:16"]
[TimeControl "2700+45"]

1. e4 c6 2. d4 d5 3. exd5 cxd5 4. c4 Nf6 5. Nc3 Nc6 6. Nf3 Bg4 7. Be3 e6 8. Bd3
Be7 9. O-O O-O 10. h3 Bh5 11. cxd5 Nxd5 12. Nxd5 Qxd5 13. Be2 Rfd8 14. Ne5 Bxe2
15. Nxc6 Qxc6 16. Qxe2 Rd5 17. Rfc1 Qb6 18. Rc2 Bf6 19. Rac1 Bxd4 20. Bxd4 Qxd4
21. Rc7 Rd7 22. Qf3 Rad8 23. Qxb7 Rxc7 24. Rxc7 Qf6 25. Qxa7 h5 26. Rd7 Rxd7 27.
Qxd7 Qxb2 28. a4 Qc1+ 29. Kh2 Qf4+ 30. Kh1 Qc1+ 31. Kh2 Qf4+ 32. Kg1 Qc1+ 33.
Kh2 {Game drawn by repetition} 1/2-1/2

[Event "Team 45 45 League T57"]
[Site "Internet Chess Club"]
[Date "2013.06.07"]
[Round "3"]
[White "Frankly"]
[Black "gandre"]
[Result "0-1"]
[WhiteElo "1819"]
[BlackElo "1750"]
[Opening "Caro-Kann: Steinitz variation"]
[ECO "B17"]
[Time "15:07:11"]
[TimeControl "2700+45"]

1. e4 c6 2. d4 d5 3. Nc3 dxe4 4. Nxe4 Nd7 5. Nf3 Ngf6 6. Bd3 Nxe4 7. Bxe4 Nf6 8.
Qe2 Bg4 9. c3 Nxe4 10. Qxe4 Bh5 11. O-O Bg6 12. Qe2 e6 13. Re1 Be7 14. Bf4 O-O
15. Ne5 Bd6 16. Nxg6 hxg6 17. Be3 Qc7 18. g3 b5 19. Rac1 a5 20. c4 b4 21. d5 Qd7
22. c5 Be5 23. d6 Rfb8 24. g4 a4 25. f4 Bf6 26. g5 Bd8 27. Bd4 a3 28. b3 Qe8 29.
Qe5 Qf8 30. Rcd1 Rb5 31. d7 Ra7 32. Bf2 Rbb7 33. Qe4 Rxd7 34. Rxd7 Rxd7 35. Qxc6
Rd2 36. Be3 Rxa2 37. Bd4 Rd2 38. Be5 Be7 39. Rc1 Rd5 40. Bd6 Bxd6 41. cxd6 Qxd6
42. Qe8+ Qf8 43. Qa4 Qd8 44. Qxb4 Rd1+ 45. Rxd1 Qxd1+ 46. Kf2 a2 47. f5 a1=Q 48.
Qb8+ Kh7 49. fxg6+ Kxg6 50. Qb7 Qad4+ {White resigns} 0-1

[Event "Team 45 45 League T57"]
[Site "Internet Chess Club"]
[Date "2013.06.08"]
[Round "3"]
[White "Egmont"]
[Black "ghostfire"]
[Result "0-1"]
[WhiteElo "1706"]
[BlackElo "1682"]
[Opening "Queen's pawn, Mason variation"]
[ECO "D00"]
[Time "09:00:38"]
[TimeControl "2700+45"]

1. d4 d5 2. Bf4 Nf6 3. e3 Bg4 4. Be2 Bxe2 5. Qxe2 e6 6. Qb5+ Nbd7 7. h3 Qc8 8.
Nf3 Be7 9. Nbd2 O-O 10. O-O c5 11. Qd3 c4 12. Qe2 b5 13. c3 h6 14. e4 dxe4 15.
Nxe4 Nxe4 16. Qxe4 Nf6 17. Qe5 Nd5 18. a3 f6 19. Qe4 f5 20. Qe1 Nxf4 21. Qe3 Nd3
22. b4 Bd6 23. Ne1 Nxe1 24. Rfxe1 Re8 25. Re2 Qd7 26. Rae1 Re7 27. Qd2 Rae8
{White resigns} 0-1

[Event "Team 45 45 League T57"]
[Site "Internet Chess Club"]
[Date "2013.06.13"]
[Round "3"]
[White "Tobiasdelmonte"]
[Black "cys456"]
[Result "0-1"]
[WhiteElo "1834"]
[BlackElo "1954"]
[Opening "Catalan: closed"]
[ECO "E01"]
[Time "20:08:03"]
[TimeControl "2700+45"]

1. d4 Nf6 2. c4 e6 3. g3 d5 4. Bg2 c5 5. Nf3 dxc4 6. O-O Nc6 7. Qa4 Bd7 8. Qxc4
b5 9. Qxb5 Nxd4 10. Qd3 Bb5 11. Qd2 Nxe2+ 12. Kh1 Qb6 13. Re1 Ng4 14. Rxe2 Rd8
15. Qe1 Bxe2 16. Qxe2 Rd1+ 17. Ng1 Rxc1 18. Qxg4 Qxb2 19. Qa4+ Ke7 20. Qxa7+ Kf6
21. Qc7 Qxf2 22. Qf4+ Qxf4 23. gxf4 c4 24. Be4 Bc5 25. Kg2 Rxg1+ 26. Kf3 Bd4 27.
a4 Bxa1 28. a5 Rxb1 29. Bxb1 Ra8 {White resigns} 0-1

[Event "Team 45 45 League T57"]
[Site "Internet Chess Club"]
[Date "2013.06.10"]
[Round "3"]
[White "infiniteshug"]
[Black "JustinL"]
[Result "1-0"]
[WhiteElo "1862"]
[BlackElo "1943"]
[Opening "French: Rubinstein variation"]
[ECO "C03"]
[Time "12:15:04"]
[TimeControl "2700+45"]

1. e4 e6 2. d4 d5 3. Nd2 dxe4 4. Nxe4 Nd7 5. Nf3 Ngf6 6. Bd3 Be7 7. Qe2 c5 8.
O-O cxd4 9. Rd1 Qb6 10. a4 Nxe4 11. a5 Qc7 12. Bxe4 e5 13. Bd2 O-O 14. c3 dxc3
15. Bxc3 Bf6 16. Rac1 Re8 17. a6 Nc5 18. Bb4 b6 19. Bxc5 bxc5 20. Bxa8 Bxa6 21.
Qxa6 Rxa8 22. Rd5 Rc8 23. Rdxc5 {Black resigns} 1-0

[Event "Team 45 45 League T57"]
[Site "Internet Chess Club"]
[Date "2013.06.09"]
[Round "3"]
[White "BYOB69"]
[Black "Tamarin"]
[Result "1-0"]
[WhiteElo "1845"]
[BlackElo "1826"]
[Opening "Queen's pawn, Mason variation"]
[ECO "D00"]
[Time "21:00:31"]
[TimeControl "2700+45"]

1. d4 d5 2. Bf4 Nf6 3. e3 e6 4. Nf3 c6 5. c4 Nbd7 6. Nc3 Bb4 7. a3 Be7 8. h3 O-O
9. Bd3 dxc4 10. Bxc4 b5 11. Bd3 Bb7 12. O-O b4 13. axb4 Bxb4 14. Ba6 Qc8 15. Qe2
c5 16. Rfc1 Bxa6 17. Rxa6 Qb7 18. Rca1 cxd4 19. exd4 Rfc8 20. Nb5 Nd5 21. Bg3
Rc6 22. Rxa7 Rxa7 23. Rxa7 Qc8 24. Qd3 Ra6 25. Rxa6 Qxa6 26. Qf1 Ba5 27. Nd6
Qxf1+ 28. Kxf1 f6 29. Nc4 Bd8 30. Bd6 Kf7 31. g3 N7b6 32. Nfd2 Ke8 33. Ke2 Be7
34. Bc5 Nd7 35. Nd6+ Bxd6 36. Bxd6 Kd8 37. Kd3 N7b6 38. Nc4 Kd7 39. Bc5 Nxc4 40.
Kxc4 Kc6 41. b4 Nc7 42. Bf8 g6 43. Bg7 f5 44. Be5 Nb5 45. g4 Na7 46. f3 Nb5 47.
h4 Na7 48. h5 gxh5 49. gxf5 exf5 50. d5+ Kb6 51. Bd4+ Kb7 52. Bxa7 Kxa7 53. Kd3
Kb6 54. Ke3 Kc7 55. b5 Kd6 56. b6 Kd7 57. Kf2 f4 58. Kg2 h4 59. Kh3 Kd6 60. Kxh4
{Black resigns} 1-0

[Event "Team 45 45 League T57"]
[Site "Internet Chess Club"]
[Date "2013.06.07"]
[Round "3"]
[White "John3v16"]
[Black "Altairus"]
[Result "0-1"]
[WhiteElo "1727"]
[BlackElo "1725"]
[Opening "Ruy Lopez: Steinitz defense deferred (Russian defense)"]
[ECO "C79"]
[Time "23:02:40"]
[TimeControl "2700+45"]

1. e4 e5 2. Nf3 Nc6 3. Bb5 a6 4. Ba4 Nf6 5. O-O d6 6. d4 b5 7. Bb3 exd4 8. Ng5
Ne5 9. f4 Nc4 10. a4 Bb7 11. Bxc4 bxc4 12. e5 Ne4 13. Nxe4 Bxe4 14. Qxd4 d5 15.
Nc3 Bxc2 16. Qxd5 Qxd5 17. Nxd5 O-O-O 18. Nc3 Bc5+ 19. Kh1 Rd4 20. Be3 Rhd8 21.
Bxd4 Rxd4 22. Rac1 Bb3 23. g3 Rd2 24. Ne4 Rd5 25. Nxc5 Rxc5 26. Ra1 Rd5 27. Rf2
Ra5 28. Kg1 Rxa4 29. Rxa4 Bxa4 30. Rd2 h5 31. Rd4 Bb5 32. Kg2 a5 33. Kh3 a4 34.
Kh4 c3 35. bxc3 a3 36. Rd1 a2 37. Ra1 Bc4 38. Kxh5 Kd7 39. f5 Kc6 40. g4 Kd5 41.
Re1 Bd3 42. Ra1 Bb1 43. e6 fxe6 44. fxe6 Kxe6 45. Kg5 Kd5 46. h4 Kc4 47. Kf4
Kxc3 48. Ke5 c5 49. Kd5 c4 50. h5 Kb3 51. Kd4 c3 52. Rxa2 Bxa2 53. Kd3 Bb1+ 54.
Ke2 c2 {White resigns} 0-1

[Event "Team 45 45 League T57"]
[Site "Internet Chess Club"]
[Date "2013.06.09"]
[Round "3"]
[White "carokantor"]
[Black "leland"]
[Result "1/2-1/2"]
[WhiteElo "1969"]
[BlackElo "1913"]
[Opening "English: Mikenas-Carls variation"]
[ECO "A18"]
[Time "20:00:53"]
[TimeControl "2700+45"]

1. e4 e6 2. c4 Nf6 3. Nc3 d6 4. d4 Nbd7 5. f4 c5 6. d5 e5 7. Nf3 a6 8. fxe5 Nxe5
9. Nxe5 dxe5 10. Bd3 Bg4 11. Qa4+ Qd7 12. Qxd7+ Nxd7 13. O-O Nb6 14. Be3 Bd6 15.
a3 Nd7 16. Rab1 b6 17. b4 Rb8 18. Na4 O-O 19. bxc5 Bxc5 20. Nxc5 Nxc5 21. Bxc5
bxc5 22. h3 Bd7 23. g4 h5 24. Be2 Kh7 25. Kg2 f6 26. gxh5 Ba4 27. Bd3 Kh6 28.
Rxb8 Rxb8 29. Rb1 Rxb1 30. Bxb1 Kxh5 31. Kg3 Kg5 32. Bd3 Kg6 33. Kf3 Bd7 34. Kg3
Kf7 35. h4 g6 36. Bf1 f5 37. Kf3 f4 38. Bd3 Kg7 39. Be2 Kh6 40. Kf2 g5 41. hxg5+
Kxg5 42. Bd1 Be8 43. Kg2 Bd7 44. Kf2 Kh4 45. Kg2 Be8 46. Kf2 Kh3 47. Be2 Kh4 48.
Bd1 Kg5 49. Kg2 Bg6 50. Bc2 Bh5 51. Kf2 Bg4 52. Ba4 Bh3 53. Bd1 Bd7 54. Bc2 Be8
55. Kg2 a5 56. Kf2 Bd7 57. Bd1 Bc8 58. Ba4 Bg4 59. Bc2 Bd7 {Game drawn by mutual
agreement} 1/2-1/2

[Event "Team 45 45 League T57"]
[Site "Internet Chess Club"]
[Date "2013.06.09"]
[Round "3"]
[White "joebobpop"]
[Black "Budzo"]
[Result "0-1"]
[WhiteElo "1706"]
[BlackElo "1845"]
[Opening "French: Tarrasch, open variation"]
[ECO "C07"]
[Time "12:06:03"]
[TimeControl "2700+45"]

1. e4 e6 2. d4 d5 3. Nd2 c5 4. exd5 Qxd5 5. Ngf3 cxd4 6. Bc4 Qd6 7. O-O Nf6 8.
Re1 Nc6 9. Nb3 Bd7 10. Nbxd4 Nxd4 11. Nxd4 Be7 12. Bb3 O-O 13. Be3 Qc7 14. Qf3
Rfd8 15. c3 Rac8 16. Rac1 Bd6 17. h3 e5 18. Nf5 e4 19. Nh6+ Kf8 20. Qe2 gxh6 21.
Bxh6+ Ke8 22. Bg5 Be7 23. Bxf6 Bxf6 24. Qxe4+ Kf8 25. Qxh7 Bc6 26. Re3 Bg7 27.
Rce1 Re8 28. h4 Rxe3 29. Rxe3 Re8 30. Rxe8+ Bxe8 31. h5 Qf4 32. Qc2 Bc6 33. f3
Be5 34. Qh7 Qh2+ 35. Kf1 Qh1+ 36. Kf2 Qh4+ 37. Kf1 Bb5+ 38. c4 Bxc4+ 39. Bxc4
Qxc4+ 40. Kf2 Qd4+ 41. Kf1 Qd1+ 42. Kf2 Qd2+ 43. Kf1 Bd4 44. Qh6+ Qxh6 {White
resigns} 0-1

[Event "Team 45 45 League T57"]
[Site "Internet Chess Club"]
[Date "2013.06.11"]
[Round "3"]
[White "vigneshv"]
[Black "LiangLiang"]
[Result "1-0"]
[WhiteElo "1693"]
[BlackElo "1674"]
[Opening "Grünfeld: Spassky variation, main line, 10...cd, 11.cd"]
[ECO "D88"]
[Time "18:42:20"]
[TimeControl "2700+45"]

1. d4 Nf6 2. c4 g6 3. Nc3 d5 4. cxd5 Nxd5 5. e4 Nxc3 6. bxc3 Bg7 7. Bc4 c5 8.
Ne2 O-O 9. O-O cxd4 10. cxd4 Nc6 11. Be3 Na5 12. Bd3 Bd7 13. Rc1 Rc8 14. Rxc8
Qxc8 15. Qc1 Qxc1 16. Rxc1 Rc8 17. Rxc8+ Bxc8 18. e5 Be6 19. Nc3 Bc4 20. Bf1 f6
21. Bxc4+ Nxc4 22. exf6 exf6 23. d5 f5 24. Nb5 a6 25. Nc7 Kf7 26. Ne6 Nxe3 27.
fxe3 Bh6 28. Kf2 Ke7 29. Kf3 Kd6 30. e4 Ke5 31. Nc5 fxe4+ 32. Nxe4 Bg7 33. d6
Bf6 34. Nxf6 Kxf6 35. Kg4 Ke6 36. Kg5 Kxd6 37. Kh6 Kc5 38. Kxh7 b5 39. Kxg6 Kb4
40. h4 Ka3 41. h5 Kxa2 42. h6 b4 43. h7 b3 44. h8=Q b2 45. Qg8+ Ka1 46. Qg7 Ka2
47. Qf7+ Ka1 48. Qf6 Ka2 49. Qe6+ Ka1 50. Qxa6+ Kb1 51. Kf5 Kc1 52. Qc4+ Kb1 53.
Ke4 Ka1 54. Qa4+ {Black resigns} 1-0

[Event "Team 45 45 League T57"]
[Site "Internet Chess Club"]
[Date "2013.06.10"]
[Round "3"]
[White "DouDou"]
[Black "Gorongonde"]
[Result "1-0"]
[WhiteElo "1770"]
[BlackElo "1681"]
[Opening "Pirc: Austrian attack, 6.Bd3"]
[ECO "B09"]
[Time "20:54:04"]
[TimeControl "2700+45"]

1. e4 d6 2. d4 Nf6 3. Nc3 g6 4. f4 Bg7 5. Nf3 O-O 6. Bd3 Bg4 7. h3 Bxf3 8. Qxf3
e5 9. Be3 Nc6 10. dxe5 dxe5 11. O-O-O Nd4 12. Qf2 c5 13. f5 a6 14. g4 b5 15. g5
Nd7 16. f6 Bh8 17. Nd5 h5 18. Bxd4 cxd4 19. Be2 Nb6 20. Ne7+ Kh7 21. Bxh5 Nc4
22. Bxg6+ fxg6 23. Qh4# {Black checkmated} 1-0

[Event "Team 45 45 League T57"]
[Site "Internet Chess Club"]
[Date "2013.06.08"]
[Round "3"]
[White "Rodin7"]
[Black "carokantor"]
[Result "1-0"]
[WhiteElo "2112"]
[BlackElo "1972"]
[Opening "Caro-Kann: Panov-Botvinnik attack, 5...e6"]
[ECO "B14"]
[Time "23:02:32"]
[TimeControl "2700+45"]

1. e4 c6 2. d4 d5 3. exd5 cxd5 4. c4 e6 5. Nc3 Nf6 6. Nf3 Be7 7. cxd5 Nxd5 8.
Bd3 Nc6 9. O-O O-O 10. Re1 Bf6 11. Be4 Ncb4 12. a3 Nxc3 13. bxc3 Nd5 14. Qd3 g6
15. c4 Ne7 16. Bf4 Nf5 17. Bxf5 exf5 18. Rad1 b6 19. d5 Ba6 20. Be5 Rc8 21. Bxf6
Qxf6 22. Ne5 Qd6 23. Nc6 Rc7 24. Qd4 Bc8 25. Re2 f6 26. Qa1 f4 27. Rde1 f3 28.
gxf3 Qf4 29. Re4 Qxf3 30. R1e3 Qh5 31. Ne7+ Kg7 32. d6 Rc5 33. Nxc8 Rcxc8 34.
Re7+ Kg8 35. Qd4 Qg5+ 36. Kf1 a5 37. d7 Rcd8 38. Qxb6 Qg4 39. Qc6 Qd1+ 40. Re1
Qd3+ 41. Kg1 Qf5 42. c5 Qg4+ 43. Kh1 Qf5 44. Qe6+ Qxe6 45. R1xe6 Rf7 46. c6 Rxe7
47. Rxe7 {Black resigns} 1-0

[Event "Team 45 45 League T57"]
[Site "Internet Chess Club"]
[Date "2013.06.08"]
[Round "3"]
[White "Happybear"]
[Black "Epcot"]
[Result "0-1"]
[WhiteElo "2001"]
[BlackElo "2103"]
[Opening "French: Winawer, advance, poisoned pawn variation"]
[ECO "C18"]
[Time "09:31:25"]
[TimeControl "2700+45"]

1. e4 e6 2. d4 d5 3. Nc3 Bb4 4. e5 c5 5. a3 Bxc3+ 6. bxc3 Ne7 7. Qg4 O-O 8. Nf3
Nbc6 9. Bd3 f5 10. exf6 Rxf6 11. Bg5 e5 12. Bxh7+ Kxh7 13. Qh4+ Rh6 14. Bxh6
gxh6 15. dxe5 Qa5 16. O-O Bf5 17. c4 d4 18. Ng5+ Kg7 19. Ne6+ Bxe6 20. Qf6+ Kh7
21. Qxe6 Rf8 22. Rab1 b6 23. Rb3 Qd2 24. Rh3 Qg5 25. f4 Qg6 26. Qd7 Rd8 27. Qc7
Qf5 28. e6 Qxe6 29. f5 Qd6 30. Qxd6 Rxd6 31. f6 Ng6 32. Rg3 Rd8 33. h4 Rg8 34.
Rg4 Nge5 35. Re4 Rf8 36. g4 Kg6 37. h5+ Kh7 38. Rfe1 Nxc4 39. Re6 Nd8 40. Re7+
Nf7 41. Rxa7 Ne3 42. c3 Kg8 43. cxd4 cxd4 44. Rc1 Rd8 45. Rcc7 Ng5 46. Rg7+ Kf8
47. Rg6 Nxg4 48. Rgg7 d3 49. Rgd7 Rxd7 50. Rxd7 d2 51. f7 Ne3 52. Kf2 d1=Q
{White resigns} 0-1

[Event "Team 45 45 League T57"]
[Site "Internet Chess Club"]
[Date "2013.06.15"]
[Round "3"]
[White "Tobiasdelmonte"]
[Black "M-Tuzel"]
[Result "0-1"]
[WhiteElo "1807"]
[BlackElo "1656"]
[Opening "Queen's pawn game"]
[ECO "D00"]
[Time "11:08:27"]
[TimeControl "2700+45"]

1. d4 d5 2. g3 Nc6 3. Bg2 Nf6 4. Nf3 Bf5 5. O-O e6 6. c4 dxc4 7. Nc3 Qd7 8. e4
Nxe4 9. Nxe4 Bxe4 10. Ne5 Nxe5 11. Bxe4 Nc6 12. Be3 Bd6 13. Rc1 Na5 14. Qf3 c6
15. Bd2 Bc7 16. Bc3 O-O 17. Qh5 f5 18. Bg2 b5 19. Rfe1 Rae8 20. Re2 Nb7 21. Rce1
a5 22. a3 Nd6 23. Qg5 Nf7 24. Qd2 Nd8 25. Rd1 Nb7 26. Qe1 f4 27. Red2 f3 28. Bh1
Qd5 29. Qe3 Qh5 30. Qe4 Qd5 31. Qg4 Bd6 32. Rc2 b4 33. axb4 axb4 34. Be1 e5 35.
Rdc1 exd4 36. Kf1 c3 37. bxc3 dxc3 38. h4 Qd3+ 39. Kg1 Bc5 40. Bxc3 bxc3 41.
Rxc3 Bxf2+ 42. Kh2 Qd4 43. Qxd4 Bxd4 44. Rxf3 Rxf3 45. Bxf3 Nd8 46. Bxc6 Nxc6
47. Rxc6 Re7 48. Kg2 Kf7 49. Kf3 Re6 50. Rc7+ Kf6 51. Rd7 Be5 52. g4 Kg6 53. Rb7
h5 54. Rb5 hxg4+ 55. Kxg4 Bf6 56. h5+ Kh6 57. Rb1 Re5 58. Rh1 Rg5+ 59. Kf4 Rxh5
60. Rb1 g6 61. Rb6 Bg5+ 62. Kg4 Rh1 63. Rb8 Rg1+ 64. Kh3 Kh5 65. Rg8 Bh6 66. Kh2
Rg4 67. Kh3 Rb4 68. Kg3 g5 69. Rh8 Rb3+ 70. Kg2 g4 71. Rh7 Kg6 72. Rh8 Bg7 73.
Rg8 Kh6 74. Ra8 Be5 75. Ra5 Bf4 76. Rf5 Rb4 77. Rd5 Bg5 78. Kg3 Kh5 79. Rd7 Rb3+
80. Kg2 g3 81. Rd4 Be3 82. Re4 Bf2 83. Ra4 Rd3 84. Ra5+ Kg4 85. Ra4+ Rd4 86. Ra8
Be3 87. Rg8+ Bg5 88. Rg7 Rd2+ 89. Kg1 Kf5 90. Rf7+ Ke6 91. Rf3 Bh4 92. Rf4 Rh2
93. Rf3 Ke5 94. Rf7 Bf6 95. Rb7 Kf4 96. Rb4+ Kg5 97. Rc4 Rd2 98. Kh1 g2+ 99. Kh2
Be5+ {White resigns} 0-1

[Event "Team 45 45 League T57"]
[Site "Internet Chess Club"]
[Date "2013.06.07"]
[Round "3"]
[White "sonoftill"]
[Black "chess9793"]
[Result "1/2-1/2"]
[WhiteElo "2121"]
[BlackElo "2076"]
[Opening "Queen's pawn: London system"]
[ECO "A45"]
[Time "16:01:51"]
[TimeControl "2700+45"]

1. d4 Nf6 2. Bf4 g6 3. e3 Bg7 4. Nf3 O-O 5. Be2 d6 6. O-O b6 7. a4 a6 8. h3 Bb7
9. Nbd2 Ne4 10. Nxe4 Bxe4 11. Nd2 Bb7 12. Rc1 c5 13. c3 e5 14. dxe5 dxe5 15. Bh2
Nc6 16. Qc2 Qe7 17. Rfd1 Rad8 18. Nf3 e4 19. Nd2 Rfe8 20. Qb3 Ne5 21. Bxe5 Bxe5
22. Nc4 Bc7 23. Nxb6 Qe5 24. g3 Qg5 25. h4 Qf5 26. a5 g5 27. hxg5 Qxg5 {Game
drawn by mutual agreement} 1/2-1/2

[Event "Team 45 45 League T57"]
[Site "Internet Chess Club"]
[Date "2013.06.09"]
[Round "3"]
[White "f5"]
[Black "SlimeDog2"]
[Result "1/2-1/2"]
[WhiteElo "2144"]
[BlackElo "2059"]
[Opening "Four knights: Spanish, classical defense"]
[ECO "C48"]
[Time "22:12:39"]
[TimeControl "2700+45"]

1. e4 e5 2. Nf3 Nf6 3. Nc3 Nc6 4. Bb5 Bc5 5. d3 O-O 6. Bg5 a6 7. Ba4 b5 8. Bb3
h6 9. Bh4 Be7 10. Qd2 d6 11. Bxf6 Bxf6 12. Nd5 Be6 13. c3 Na5 14. Bc2 c6 15.
Nxf6+ Qxf6 16. O-O d5 17. Rae1 Bg4 18. Bd1 Rad8 19. c4 dxe4 20. Nxe5 Bxd1 21.
Qxa5 Qxe5 22. Rxd1 exd3 23. b3 Rfe8 24. Qxa6 d2 25. Qxc6 Qe2 26. Qf3 bxc4 27.
Qxe2 Rxe2 28. bxc4 Rc8 29. g3 Rxc4 30. Kg2 Rc2 31. Ra1 Re6 32. Rfd1 Rec6 33.
Rab1 Rxa2 34. Rb8+ Kh7 35. Rd8 Rcc2 36. Kf1 Kg6 37. Ke2 Kf5 38. f3 g5 39. Rd5+
Ke6 {Game drawn by mutual agreement} 1/2-1/2

[Event "Team 45 45 League T57"]
[Site "Internet Chess Club"]
[Date "2013.06.06"]
[Round "3"]
[White "cyborg86"]
[Black "stile"]
[Result "1/2-1/2"]
[WhiteElo "1885"]
[BlackElo "1814"]
[Opening "Scandinavian defense"]
[ECO "B01"]
[Time "14:02:20"]
[TimeControl "2700+45"]

1. e4 d5 2. exd5 Nf6 3. Nf3 Nxd5 4. d4 Bf5 5. Be2 e6 6. O-O Be7 7. c4 Nb4 8. Na3
O-O 9. Bf4 c6 10. Qd2 a5 11. Rfd1 Nd7 12. Ne1 Nf6 13. f3 Qd7 14. Nac2 Rfd8 15.
a3 Nxc2 16. Nxc2 c5 17. Be3 e5 18. d5 Ne8 19. Qc3 Bd6 20. Ne1 b6 21. Nd3 Bxd3
22. Bxd3 g6 23. Bg5 f6 24. Bh4 Qf7 25. Re1 Rd7 26. Bg3 Ng7 27. Bc2 Re7 28. Rad1
Raa7 29. Bd3 Rab7 30. Qc1 Nh5 31. Qh6 Qg7 32. Qxg7+ Kxg7 33. Bf2 Nf4 34. g3 Nh3+
35. Kg2 Nxf2 36. Kxf2 f5 37. Rd2 Kf6 38. Bc2 Rbc7 39. Ba4 Ra7 40. Rd3 Ra8 41.
Bc6 Rb8 42. a4 Ra7 43. Rb3 Ra6 44. Rb5 Ke7 45. g4 f4 46. h4 Kf6 47. g5+ Ke7 48.
Rh1 Kf7 49. h5 Kg7 50. hxg6 hxg6 51. Rb3 Be7 52. Re1 Bd6 53. Rh1 Be7 {Game drawn
by mutual agreement} 1/2-1/2

[Event "Team 45 45 League T57"]
[Site "Internet Chess Club"]
[Date "2013.06.06"]
[Round "3"]
[White "hood"]
[Black "bgolev"]
[Result "1-0"]
[WhiteElo "1732"]
[BlackElo "1811"]
[Opening "Ruy Lopez: closed, 9.h3"]
[ECO "C96"]
[Time "22:00:08"]
[TimeControl "2700+45"]

1. e4 e5 2. Nf3 Nc6 3. Bb5 a6 4. Ba4 Nf6 5. O-O Be7 6. Re1 b5 7. Bb3 O-O 8. c3
d6 9. h3 Na5 10. d4 Nxb3 11. axb3 exd4 12. cxd4 Bb7 13. d5 Re8 14. Bf4 c5 15.
Nbd2 Nd7 16. Qc2 Qb6 17. Rad1 Bf6 18. Nf1 g6 19. Ng3 Bg7 20. Qd2 Nf6 21. Bh6 Bh8
22. h4 Ng4 23. h5 Bc8 24. Nh2 Nxh6 25. Qxh6 Bg7 26. Qg5 h6 27. Qd2 Ra7 28. Nf3
Rae7 29. Nh4 Kh7 30. Qc2 Bf6 31. hxg6+ fxg6 32. Nxg6 Rg7 33. Nf4 Be5 34. Nfh5
Rg6 35. f4 {Black forfeits on time} 1-0

[Event "Team 45 45 League T57"]
[Site "Internet Chess Club"]
[Date "2013.06.10"]
[Round "3"]
[White "chess9793"]
[Black "Warren"]
[Result "0-1"]
[WhiteElo "2069"]
[BlackElo "2306"]
[Opening "Sicilian: Pelikan, Chelyabinsk variation"]
[ECO "B33"]
[Time "23:00:10"]
[TimeControl "2700+45"]

1. e4 c5 2. Nf3 Nc6 3. d4 cxd4 4. Nxd4 Nf6 5. Nc3 e5 6. Ndb5 d6 7. Bg5 a6 8. Na3
b5 9. Nd5 Be7 10. Bxf6 Bxf6 11. c4 b4 12. Nc2 a5 13. g3 O-O 14. h4 g6 15. Bh3
Be6 16. Kf1 Bg7 17. Kg2 f5 18. Nde3 Ra7 19. h5 Raf7 20. hxg6 hxg6 21. exf5 gxf5
22. Qh5 Qd7 23. Bg4 Rc8 24. Qh7+ Kf8 25. Bh5 Rf6 26. Bg6 Ne7 27. g4 Rxg6 {White
resigns} 0-1

[Event "Team 45 45 League T57"]
[Site "Internet Chess Club"]
[Date "2013.06.10"]
[Round "3"]
[White "Stryker672"]
[Black "PoisonPawn"]
[Result "1-0"]
[WhiteElo "2018"]
[BlackElo "2029"]
[Opening "Sicilian: Alapin's variation (2.c3)"]
[ECO "B22"]
[Time "18:37:51"]
[TimeControl "2700+45"]

1. e4 c5 2. c3 Nf6 3. e5 Nd5 4. d4 cxd4 5. Nf3 e6 6. cxd4 b6 7. Nc3 Nxc3 8. bxc3
Qc7 9. Bd2 Bb7 10. Bd3 d6 11. O-O Nd7 12. Ng5 dxe5 13. Qh5 g6 14. Qh3 Bg7 15.
Rae1 h6 16. Nxe6 fxe6 17. Bxg6+ Kd8 18. f4 Qc4 19. fxe5 Kc7 20. Rf7 Rag8 21. Bh5
Bf8 22. Bf3 Bxf3 23. Qxf3 Qc6 24. Qxc6+ Kxc6 25. c4 Rg7 26. Ref1 Rhh7 27. Rxf8
Nxf8 28. Rxf8 b5 29. cxb5+ Kxb5 30. Rf6 Kc4 31. Rxe6 Kxd4 32. Bxh6 Rb7 33. h4
Kd5 34. Ra6 Kxe5 35. Bg5 Kf5 36. Kh2 Rhd7 37. Kh3 Rd3+ 38. g3 Ke4 39. Kg4 Ke5
40. Bf4+ Kd5 41. h5 Rd1 42. Rd6+ {Black resigns} 1-0

[Event "Team 45 45 League T57"]
[Site "Internet Chess Club"]
[Date "2013.06.07"]
[Round "3"]
[White "primerpaso"]
[Black "DARKwizard1"]
[Result "1/2-1/2"]
[WhiteElo "1871"]
[BlackElo "2003"]
[Opening "QGD: Tarrasch, Prague variation"]
[ECO "D33"]
[Time "18:01:53"]
[TimeControl "2700+45"]

1. c4 Nf6 2. Nc3 c5 3. g3 e6 4. Nf3 d5 5. cxd5 exd5 6. d4 Nc6 7. Bg2 cxd4 8.
Nxd4 Bc5 9. Nb3 Bb4 10. O-O Bxc3 11. bxc3 O-O 12. Bg5 h6 13. Bf4 Bf5 14. Rc1 Rc8
15. c4 dxc4 16. Rxc4 Be6 17. Rc3 Re8 18. Qxd8 Nxd8 19. Rxc8 Bxc8 20. Nd4 Ne6 21.
Nxe6 Bxe6 22. Bxb7 Bxa2 23. Be3 Bd5 24. Bxd5 Nxd5 25. Bxa7 Rxe2 26. Rd1 Nc3 27.
Rd3 Nb5 28. Be3 Ra2 29. h4 Ra6 30. Kg2 Kh7 31. Rb3 Nd6 32. Rb6 {Game drawn by
mutual agreement} 1/2-1/2

[Event "Team 45 45 League T57"]
[Site "Internet Chess Club"]
[Date "2013.06.10"]
[Round "3"]
[White "Matusalen"]
[Black "hariputter"]
[Result "1-0"]
[WhiteElo "2174"]
[BlackElo "2189"]
[Opening "King's Indian: fianchetto, classical variation, 8.e4"]
[ECO "E68"]
[Time "21:02:38"]
[TimeControl "2700+45"]

1. Nf3 Nf6 2. c4 g6 3. g3 Bg7 4. Bg2 O-O 5. d4 d6 6. O-O Nbd7 7. Nc3 e5 8. e4
Re8 9. h3 a6 10. Re1 Rb8 11. Rb1 exd4 12. Nxd4 c5 13. Nc2 b5 14. Qxd6 bxc4 15.
Ne3 Nh5 16. Ned1 Ne5 17. Qxb8 Nc6 18. Qa8 Qd7 19. Na4 Bd4 20. Nb6 Qc7 21. Nxc8
Rxc8 22. Qxa6 Nb4 23. Qxc4 {Black resigns} 1-0

[Event "Team 45 45 League T57"]
[Site "Internet Chess Club"]
[Date "2013.06.05"]
[Round "3"]
[White "xwang1"]
[Black "MisterDoob"]
[Result "0-1"]
[WhiteElo "2073"]
[BlackElo "2121"]
[Opening "Sicilian: Najdorf, 7...Be7 main line"]
[ECO "B99"]
[Time "19:07:22"]
[TimeControl "2700+45"]

1. e4 c5 2. Nf3 d6 3. d4 cxd4 4. Nxd4 Nf6 5. Nc3 a6 6. Bg5 e6 7. f4 Be7 8. Qf3
Qc7 9. O-O-O Nbd7 10. g4 b5 11. Bxf6 Nxf6 12. g5 Nd7 13. f5 Nc5 14. f6 gxf6 15.
gxf6 Bf8 16. Kb1 b4 17. Nd5 exd5 18. exd5 Nd7 19. Nc6 Bb7 20. Bh3 Ne5 21. Rhe1
Rg8 22. Nxe5 dxe5 23. Qf5 Bd6 24. Qxh7 Rf8 25. Qd3 a5 26. Qb5+ Kd8 27. Re4 Ba6
28. Qa4 Rb8 29. Bd7 Rh8 30. h4 Qc5 31. Bf5 Kc7 32. Qd7+ Kb6 33. Qxf7 Rbf8 34.
Qg6 Rhg8 35. Qh6 Rg1 36. Bg4 Bc4 37. Ree1 Rxg4 {White resigns} 0-1

[Event "Team 45 45 League T57"]
[Site "Internet Chess Club"]
[Date "2013.06.10"]
[Round "3"]
[White "Chess-Dream"]
[Black "avila"]
[Result "1-0"]
[WhiteElo "2152"]
[BlackElo "1973"]
[Opening "English opening"]
[ECO "A05"]
[Time "19:38:57"]
[TimeControl "2700+45"]

1. Nf3 Nf6 2. c4 g6 3. g3 Bg7 4. Bg2 O-O 5. O-O d6 6. d4 Nbd7 7. Qc2 e5 8. Rd1
Qe7 9. Nc3 c6 10. b3 e4 11. Ng5 d5 12. cxd5 cxd5 13. Nb5 Qb4 14. Nc7 Rb8 15. a4
h6 16. Ba3 Qb6 17. Nh3 g5 18. Bxf8 Nxf8 19. Qc5 Qxc5 20. dxc5 Bxh3 21. Bxh3 Ne8
22. Nxd5 Bxa1 23. Rxa1 Rd8 24. Rd1 Kg7 25. Nc3 Rxd1+ 26. Nxd1 Kf6 27. Bc8 Ne6
28. Bxb7 Nxc5 29. Bc6 Nxb3 30. Bxe8 a6 31. Nc3 Ke7 32. Bc6 f5 33. g4 fxg4 34.
Bxe4 Kd6 35. Bf5 Kc5 36. Na2 h5 37. Bg6 Nd4 38. Kf1 h4 39. Bh5 Kc4 40. Bf7+ Kc5
41. Be8 Kc4 42. Nc1 Nf5 43. Bd7 Nd6 44. Bxg4 Ne4 45. e3 Nc5 46. Bd1 Kb4 47. f3
a5 48. Ke2 Nxa4 49. Bxa4 Kxa4 50. Kd3 Kb4 51. e4 a4 52. Kd4 a3 53. e5 Kb5 54.
Kd5 Kb6 55. Kd6 Kb5 56. e6 {Black resigns} 1-0